 Dungeon Crawl Stone Soup version 0.31-a0-691-g409c26aa35 (webtiles) character file.

Game seed: 15689562798344921315

343 bjtr the Ogre Mage (level 6, 0/55 HPs)
             Began as an Ogre Earth Elementalist on Sept 6, 2023.
             Slain by a sleepcap (4 damage)
             ... on level 4 of the Dungeon on Sept 7, 2023.
             The game lasted 00:13:50 (3460 turns).

bjtr the Ogre Mage (Ogre Earth Elementalist)        Turns: 3460, Time: 00:13:52

Health: 0/55       AC:  3    Str:  9 (11) XL:     6   Next: 57%
Magic:  11/13      EV:  9    Int: 25 (26) God:
Gold:   188        SH:  0    Dex:  5 (7)  Spells: 4/14 levels left

rFire   . . .        l - +1 hand axe (vamp)
rCold   . . .        (no shield)
rNeg    . . .        a - +0 robe
rPois   .            (helmet restricted)
rElec   .            (no cloak)
rCorr   .            (gloves unavailable)
SInv    .            (boots unavailable)
Will    .....        (no amulet)
Stlth   +            (no ring)
HPRegen 0.29/turn    (no ring)
MPRegen 0.13/turn

%: no passive effects
@: mighty, studying Long Blades
A: large, unfitting armour, tough skin 1, clever 2, deterioration 1, MP-powered
wands
a: no special abilities


You were on level 4 of the Dungeon.
You visited 1 branch of the dungeon, and saw 4 of its levels.

You collected 188 gold pieces.

Inventory:

Hand Weapons
 c - a +2 dagger of venom
 d - a +0 war axe
 h - a +0 flail
 i - a +0 short sword
 l - a +1 vampiric hand axe (weapon)
 r - a +0 glaive
 t - a +0 sling
Missiles
 f - 11 poisoned darts
 j - a throwing net
 n - 48 stones (quivered)
Armour
 a - a +0 robe (worn)
 o - an orb of guile
Scrolls
 e - 3 scrolls of enchant armour
 k - a scroll of poison
 m - 2 scrolls of enchant weapon
 q - a scroll of identify
 s - a scroll of fear
Potions
 b - a potion of magic
 g - 3 potions of might


   Skills:
 + Level 1.4 Fighting
 + Level 2.9 Dodging
 - Level 1.4 Stealth
 + Level 4.9 Spellcasting
 - Level 0.8 Transmutations
 + Level 4.7 Earth Magic


You had 4 spell levels left.
You knew the following spells:

 Your Spells              Type           Power      Damage    Failure   Level
a - Sandblast             Erth           58%        2d13      1%          1
b - Passwall              Tmut/Erth      16%        N/A       4%          2
c - Stone Arrow           Conj/Erth      34%        3d9       10%         3
d - Petrify               Tmut/Erth      20%        N/A       26%         4

Your spell library contained the following spells:

 Spells                   Type           Power      Damage    Failure   Level


Dungeon Overview and Level Annotations

Branches:
Dungeon (4/15)
 Temple: D:4-7

Altars:
The Shining One

Shops:
D:4 *


Innate Abilities, Weirdness & Mutations

You are too large for most types of armour.
You have tough skin. (AC +1)
Your mind is very acute. (Int +8, Str/Dex -2)
Your body sometimes deteriorates upon taking damage.
You expend magic power (3 MP) to strengthen your wands.


Message History

You are engulfed in a cloud of soporific spores!
You are unaffected.
Casting: Sandblast (safe; 1% risk of failure)
Confirm with . or Enter, or press ? or * to list all spells.
Aiming: Sandblast (safe; 1% risk of failure)
Press: ? - help, Shift-Dir - straight line, f/p - sleepcap
Aim: a sleepcap (moderately damaged, 100% to hit)
The blast of sand hits the sleepcap.
The sleepcap is moderately damaged.
The sleepcap releases spores at you.
You are engulfed in a cloud of soporific spores!
You fall asleep.
The sleepcap releases spores at you!
You wake up.
* * * LOW HITPOINT WARNING * * *
Unknown command.
It was a potion of degeneration.
There was something very wrong with that liquid.
You feel weakened.
You feel dopey.
You feel clumsy. The sleepcap closely misses you.
Okay, then.
You feel very mighty all of a sudden. The sleepcap releases spores at you.
* * * LOW HITPOINT WARNING * * *
You are engulfed in a cloud of soporific spores!
You are unaffected.
Unknown command.
You slash the sleepcap!
You feel better.
The sleepcap is heavily damaged.
You hit the dart slug. The sleepcap closely misses you.
The dart slug bites you.
* * * LOW HITPOINT WARNING * * *
Unknown command.
You slash the sleepcap!
The sleepcap is almost destroyed.
You hit the dart slug.
You feel better. The sleepcap releases spores at you.
* * * LOW HITPOINT WARNING * * *
The dart slug bites you.
* * * LOW HITPOINT WARNING * * *
The sleepcap releases spores at you.
You die...

......... .......##
...... ###$ ........#
#....# .#.. .........
#.... ....#
.....##..#####?..##...^#
....#.#.... ............
...#.#.#..## #..........
...#.##.#..# #..wf......
......#.#..###.∩@#
.#.##.##.........#
.#.#.#.#.........#
.#..##.##............
......#.#.######...#.
....#..#..# ###...
........#.# ..?#
..........# .#..
.##.##.......


You could see a sleepcap and a dart slug.

Vanquished Creatures
  A scorpion (D:4)
  An orc priest (D:3)
  Natasha (twice) (D:2)
  An orc wizard (D:3)
  Robin (D:2)
  A gnoll (D:1)
  6 adders
  3 dart slugs
  7 orcs
  10 ball pythons
  6 endoplasms
  3 giant cockroaches
  13 goblins
  13 hobgoblins
  2 jackals (D:1)
  2 quokkas
  5 bats
  6 frilled lizards
  6 kobolds
  3 rats
92 creatures vanquished.

Notes
Turn   | Place    | Note
-------+----------+-------------------------------------------
     0 | D:1      | bjtr the Ogre Earth Elementalist began the quest for the
                  | Orb.
     0 | D:1      | Reached XP level 1. HP: 16/16 MP: 3/3
   366 | D:1      | Reached XP level 2. HP: 24/24 MP: 3/5
   467 | D:1      | You fall into a shaft and drop 1 floor!
   791 | D:1      | Found a faded altar of an unknown god.
   907 | D:1      | Reached XP level 3. HP: 31/31 MP: 5/7
  1732 | D:2      | Noticed Robin
  1737 | D:2      | Reached XP level 4. HP: 40/40 MP: 5/8
  1766 | D:2      | Killed Robin
  1767 | D:2      | Gained mutation: Your mind is acute. (Int +4, Str/Dex -1)
                  | [potion of mutation]
  1767 | D:2      | Gained mutation: Your mind is very acute. (Int +8, Str/Dex
                  | -2) [potion of mutation]
  1767 | D:2      | Gained mutation: Your body sometimes deteriorates upon
                  | taking damage. [potion of mutation]
  1767 | D:2      | Gained mutation: You expend magic power (3 MP) to
                  | strengthen your wands. [potion of mutation]
  1770 | D:2      | Noticed Natasha
  1777 | D:2      | Killed Natasha
  2018 | D:2      | Learned a level 2 spell: Passwall
  2022 | D:2      | Learned a level 3 spell: Stone Arrow
  2027 | D:2      | Learned a level 4 spell: Petrify
  2066 | D:2      | Noticed Natasha
  2068 | D:2      | Killed Natasha
  2069 | D:2      | Reached XP level 5. HP: 46/46 MP: 7/11
  2206 | D:3      | Reached skill level 1 in Fighting
  2441 | D:3      | Reached XP level 6. HP: 32/55 MP: 10/12
  3289 | D:4      | Found a glowing golden altar of the Shining One.
  3439 | D:4      | Found Ygioheesse's Assorted Antiques.
  3460 | D:4      | Slain by a sleepcap

Illustrated notes

Levels and vault maps discovered:
D:1:      minmay_arrival_split_and_join, layout_basic, basic_ecumenical_altar
D:2:      layout_loops_ring, uniq_natasha, uniq_robin
D:3:      layout_basic
D:4:      layout_rooms, tso_oasis_becter, serial_shops, shop, minmay_manual_mess

Skill      XL: |  1  2  3  4  5 |
---------------+----------------+-----
Earth Magic    | 3 4 |  4.7
Spellcasting   | 3 4 |  4.9
Dodging        | 2 |  2.9
Fighting       | 1 |  1.4
Stealth        | |  1.4
Transmutations | |  0.8

Action                     |  1- 3 |  4- 6 || total
---------------------------+-------+-------++-------
  Melee: Unarmed           |     2 |       ||     2
         Hand axe          |    11 |    68 ||    79
         Punch             |       |     1 ||     1
   Cast: Sandblast         |    44 |    52 ||    96
    Use: Potion            |       |     6 ||     6
         Scroll            |       |     5 ||     5
   Stab: Fleeing           |       |     1 ||     1
 Armour: Robe              |    15 |   102 ||   117
         Skin              |       |    10 ||    10
  Dodge: Dodged            |     8 |    74 ||    82

Table legend: (Time is in decaauts)
 A = Elapsed time spent in this place.
 B = Non-inter-level travel time spent in this place.
 C = Inter-level travel time spent in this place.
 D = Time resting spent in this place.
 E = Time spent auto-exploring this place.
 F = Levels seen in this place.
 G = Mean time per level.
                   A        B        C        D        E       F      G
               +--------+--------+--------+--------+--------+-----+--------+
         Total |   3531 |   3253 |    278 |    328 |   2250 |   4 |  882.8 |
       Dungeon |   3531 |   3253 |    278 |    328 |   2250 |   4 |  882.8 |
               +--------+--------+--------+--------+--------+-----+--------+

Top non-repeatable levels by time:
     D:1: 1220 daAuts
     D:2: 1193 daAuts
     D:3: 869 daAuts
     D:4: 247 daAuts
